 Dungeon Crawl Stone Soup version 0.28-a0-313-gbc0475efdd (webtiles) character file.

Game seed: 12172993530569045985

23 bande the Covered (level 3, -2/23 HPs)
             Began as a Gargoyle Fighter on Aug 31, 2021.
             Slain by Sigmund (10 damage)
             ... on level 2 of the Dungeon.
             The game lasted 00:01:19 (1326 turns).

bande the Covered (Gargoyle Fighter)                Turns: 1326, Time: 00:01:20

Health: -2/23      AC: 10    Str: 19    XL:     3   Next: 0%
Magic:  3/3        EV:  7    Int:  8    God:
Gold:   31         SH:  8    Dex: 10    Spells: 2/2 levels left

rFire   . . .      SeeInvis .   a - +0 war axe
rCold   . . .      Faith    .   c - +0 kite shield
rNeg    + . .      Spirit   .   b - +0 scale mail
rPois   ∞          Reflect  .   (no helmet)
rElec   +          Harm     .   (no cloak)
rCorr   .          Rampage  .   (no gloves)
Will    .....                   (no boots)
Stlth   ..........              (no amulet)
HPRegen 0.07/turn               (no ring)
MPRegen 0.08/turn               (no ring)

@: mighty
A: sickness immunity, AC +3, negative energy resistance 1, electricity
resistance, torment resistance 1, petrification resistance
a: no special abilities


You were on level 2 of the Dungeon.
You visited 1 branch of the dungeon, and saw 2 of its levels.

You collected 31 gold pieces.

Inventory:

Hand Weapons
 a - a +0 war axe (weapon)
Armour
 b - a +0 scale mail (worn)
 c - a +0 kite shield (worn)
Scrolls
 f - a scroll of identify {unknown}
Potions
 e - a potion of lignification {unknown}
 g - a potion of flight {unknown}


   Skills:
 + Level 3.5 Fighting
 + Level 2.1 Axes
 + Level 3.8 Armour
 + Level 3.5 Shields


You had 2 spell levels left.
You didn't know any spells.
Your spell library was empty.

Dungeon Overview and Level Annotations

Branches:
Dungeon (2/15)

Altars:

Annotations:
D:2 Sigmund


Innate Abilities, Weirdness & Mutations

You are immune to sickness and miasma.
Your stone body is resilient. (AC +3)
You are immune to poison.
You resist negative energy. (rN+)
You are resistant to electric shocks. (rElec)
You are resistant to unholy torment.
You are immune to petrification.


Message History

Sigmund gestures at you while chanting.
You are confused.
You feel very mighty all of a sudden.
Sigmund giggles. "Time to reap what you sow."
You bump into the rock wall.
Sigmund hits you but does no damage.
An endoplasm comes into view.
Sigmund casts a spell at you. You resist with significant effort.
You bump into the rock wall.
You feel less confused. Sigmund hits you but does no damage.
You block the endoplasm's attack.
You slash Sigmund!
Sigmund is heavily wounded.
You slash the endoplasm!
You kill the endoplasm!
Sigmund hits you with a +0 scythe.
You have reached level 3!
Your experience leads to an increase in your attributes!
Increase (S)trength, (I)ntelligence, or (D)exterity?
You feel agile.
You barely miss Sigmund.
Sigmund is heavily wounded.
You block Sigmund's attack.
Unknown command.
You closely miss Sigmund.
Sigmund is heavily wounded.
Sigmund points at you and mumbles some strange words.
The puff of flame hits you!
You closely miss Sigmund.
Sigmund is heavily wounded.
You block Sigmund's attack. x2
Unknown command.
You barely miss Sigmund.
Sigmund is heavily wounded.
Sigmund hits you but does no damage.
Unknown command.
You slash Sigmund!
Sigmund is almost dead.
Sigmund hits you with a +0 scythe!
You die...

## #. #+#
#..#.#
#..#.###
#...@..#
#.##@#.#
#....#.#
######.#
#.#
########.#
#........#
#.########
#.# #.#


You could see Sigmund.

Vanquished Creatures
  A dart slug (D:1)
  3 ball pythons (D:1)
  4 endoplasms
  2 giant cockroaches (D:1)
  2 goblins (D:1)
  2 hobgoblins (D:1)
  A kobold (D:1)
  A bat (D:1)
  A frilled lizard (D:1)
  A rat (D:1)
18 creatures vanquished.

Notes
Turn   | Place    | Note
-------+----------+-------------------------------------------
     0 | D:1      | bande the Gargoyle Fighter began the quest for the Orb.
     0 | D:1      | Reached XP level 1. HP: 14/14 MP: 1/1
   447 | D:1      | Reached XP level 2. HP: 13/19 MP: 2/2
   448 | D:1      | Found a faded altar of an unknown god.
  1314 | D:2      | Noticed Sigmund
  1322 | D:2      | Reached XP level 3. HP: 16/23 MP: 3/3
  1326 | D:2      | Slain by Sigmund

Illustrated notes

Levels and vault maps discovered:
D:1:      nicolae_arrival_washed_ashore, layout_basic,
          ebering_ecumenical_altar_mist
D:2:      layout_basic, minmay_tromino_v4_c, uniq_sigmund

Skill      XL: |  1  2 |
---------------+-------+-----
Axes           | 2 |  2.1
Fighting       | |  3.5
Armour         | |  3.8
Shields        | |  3.5

Action                   || total
-------------------------++-------
Melee: War axe           ||    51
  Use: Potion            ||     1
Armor: Scale mail        ||    31
Dodge: Dodged            ||    22
Block: Kite shield       ||    22

Table legend: (Time is in decaauts)
 A = Elapsed time spent in this place.
 B = Non-inter-level travel time spent in this place.
 C = Inter-level travel time spent in this place.
 D = Time resting spent in this place.
 E = Time spent auto-exploring this place.
 F = Levels seen in this place.
 G = Mean time per level.
                   A        B        C        D        E       F      G
               +--------+--------+--------+--------+--------+-----+--------+
         Total |   1359 |   1359 |      0 |      0 |   1173 |   2 |  679.5 |
       Dungeon |   1359 |   1359 |      0 |      0 |   1173 |   2 |  679.5 |
               +--------+--------+--------+--------+--------+-----+--------+

Top non-repeatable levels by time:
     D:1: 1326 daAuts
     D:2: 33 daAuts
